 Dungeon Crawl Stone Soup version 0.30-a0-586-g23e55c9e0a (webtiles) character file.

Game seed: 2656239856901308707

31 bladeefan the Sneak (level 3, -1/21 HPs)
             Began as an Octopode Hedge Wizard on Jan 3, 2023.
             Slain by an adder (2 damage)
             ... on level 1 of the Dungeon.
             The game lasted 00:05:37 (2011 turns).

bladeefan the Sneak (Octopode Hedge Wizard)         Turns: 2011, Time: 00:05:38

Health: -1/21      AC:  1    Str:  9    XL:     3   Next: 22%
Magic:  0/7        EV: 13    Int: 18    God:
Gold:   120        SH:  0    Dex: 11    Spells: 3/8 levels left

rFire   . . .      SeeInvis .    a - +0 dagger
rCold   . . .      Faith    .    k - orb {light}
rNeg    . . .      Spirit   .    b - +0 hat
rPois   .          Reflect  .    (no amulet)
rElec   .          Harm     .    (no ring)
rCorr   .          Rampage  .    (no ring)
Will    .....                    (no ring)
Stlth   ++                       (no ring)
HPRegen 0.23/turn                (no ring)
MPRegen 0.10/turn                (no ring)
                                 (no ring)
                                 (no ring)

@: glowing
A: almost no armour, amphibious, 8 rings, camouflage 1, gelatinous body 1,
(nimble swimmer 1), tentacles
a: no special abilities


You were on level 1 of the Dungeon.
You visited 1 branch of the dungeon, and saw 2 of its levels.

You collected 120 gold pieces.

Inventory:

Hand Weapons
 a - a +0 dagger (weapon)
Armour
 b - a +0 hat (worn)
 k - an orb of light (worn)
   (You found it on level 1 of the Dungeon)
Scrolls
 f - a scroll of immolation {!r}
Potions
 c - a potion of magic
 d - 2 potions of invisibility {unknown}
 e - a potion of lignification {unknown}
 g - a potion of attraction {unknown}
 j - 2 potions of curing {unknown}


   Skills:
 + Level 2.2 Dodging
 * Level 3.7 Stealth
 + Level 3.1 Spellcasting
 + Level 1.4 Conjurations
 + Level 1.3 Summonings
 + Level 0.0 Necromancy
 + Level 1.3 Translocations


You had 3 spell levels left.
You knew the following spells:

 Your Spells              Type           Power      Damage    Failure   Level
a - Magic Dart            Conj           32%        1d4       9%          1
b - Cigotuvi's Dreadful   Necr/Pois/Air  4%         N/A       24%         2
x - Call Imp              Summ           7%         N/A       14%         2

Your spell library contained the following spells:

 Spells                   Type           Power      Damage    Failure   Level
 Summon Small Mammal      Summ           28%        N/A       10%         1
 Blink                    Tloc           14%        N/A       14%         2
 Slow                     Hex            8%         N/A       16%         1
 Call Canine Familiar     Summ           7%         N/A       28%         3
 Mephitic Cloud           Conj/Pois/Air  4%         N/A       36%         3
 Summon Guardian Golem    Hex/Summ       5%         N/A       36%         3
 Ignite Poison            Fire/Tmut/Pois 2%         N/A       43%         3
 Sticky Flame             Conj/Fire      5%         2d3       75%         4
 Ignition                 Fire           1%         3d3       100%        8


Dungeon Overview and Level Annotations

Branches:
Dungeon (2/15)

Altars:


Innate Abilities, Weirdness & Mutations

You cannot wear most types of armour.
You are amphibious.
You can wear up to eight rings at the same time.
Your skin changes colour to match your surroundings (Stealth+).
Your rubbery body absorbs attacks. (AC +1, EV +1)
((You are camouflaged when in or above water. (Stealth+)))
You have tentacles for arms and can constrict up to eight enemies at once.


Message History

You hear a loud clanging noise!
It was a scroll of noise.
You start waiting.
Done waiting.
You start waiting.
Done waiting.
You start waiting.
Done waiting.
You start waiting.
Done waiting.
There is a stone staircase leading down here.
You climb downwards.
The adder misses you. The adder barely misses you.
There is a stone staircase leading up, spattered with blood here.
A beastly little devil appears in a puff of flame.
The adder misses you.
Aim: an adder (ally target, haloed, 100% to hit)
The magic dart hits the adder but does no damage.
The adder bites you.
You are poisoned.
The adder poisons you!
Your crimson imp barely misses the adder.
Aim: an adder (ally target, haloed, 100% to hit)
The magic dart hits the adder.
You feel sick. The adder bites you. The adder barely misses you.
Your crimson imp blinks!
Aim: an adder (moderately wounded, ally target, haloed, 100% to hit)
The magic dart hits the adder.
You feel sick. The adder misses you.
Your crimson imp blinks!
Aim: an adder (heavily wounded, haloed, 100% to hit)
The magic dart hits the adder but does no damage.
You feel sick. The adder bites you.
* * * LOW HITPOINT WARNING * * *
Unknown command.
Aim: an adder (heavily wounded, haloed, 100% to hit)
The magic dart hits the adder.
You feel sick. The adder barely misses you. The adder closely misses you.
You feel sick. The adder bites you but does no damage.
You climb upwards.
You feel sick.
You are no longer poisoned.
There is a stone staircase leading down here.
The adder bites you.
* * * LOW HITPOINT WARNING * * *
The adder misses you. The adder attacks as you move away! The adder bites you.
* * * LOW HITPOINT WARNING * * *
Aim: an adder (severely wounded, haloed, 100% to hit)
The magic dart hits the adder.
The adder bites you.
* * * LOW HITPOINT WARNING * * *
The adder bites you.
You die...

...##..........#..#######..##
#####............## ##......##
####.รท........### ##........##
##............## #..........#
...####......#### #..........#
#### ####......# #..........# #
######.# #..........#
###############.####....>.....#
................@S..#........##
.##############.###..........##
.## #######.#.# ##..........#
..# ##.......#.# #..........#
#.####..#####.#.# #..........#
#......## #.#.# #..........#
...####### #.#.## #..........#
##.# ###.# #>#..####........##
#.# #...# #[##..# ##......##


You could see an adder.

Vanquished Creatures
  A ball python (D:1)
  5 bats (D:1)
  5 endoplasms (D:1)
  A giant cockroach (D:1)
  4 hobgoblins (D:1)
  3 jackals (D:2)
  A kobold (D:1)
  A quokka (D:1)
  A frilled lizard (D:1)
  5 rats (D:1)
27 creatures vanquished.

Notes
Turn   | Place    | Note
-------+----------+-------------------------------------------
     0 | D:1      | bladeefan the Octopode Hedge Wizard began the quest for the
                  | Orb.
     0 | D:1      | Reached XP level 1. HP: 11/11 MP: 4/4
   398 | D:1      | Reached XP level 2. HP: 17/17 MP: 0/6
  1094 | D:1      | Reached XP level 3. HP: 21/21 MP: 0/7
  1261 | D:1      | Found a faded altar of an unknown god.
  1533 | D:1      | Learned a level 2 spell: Call Imp
  1536 | D:1      | Learned a level 2 spell: Cigotuvi's Dreadful Rot
  2011 | D:1      | HP: 1/21 [adder (2)]
  2011 | D:1      | Slain by an adder

Illustrated notes

Levels and vault maps discovered:
D:1:      evilmike_arrival_hilbert_curve, layout_rooms,
          ebering_ecumenical_altar_sacrificial, chequers_mini_garden,
          minmay_cut_off
D:2:      minmay_spotlight, layout_basic

Skill      XL: |  1 |
---------------+----+-----
Stealth        | 3 |  3.7
Dodging        | |  2.2
Spellcasting   | |  3.1
Conjurations   | |  1.4
Summonings     | |  1.3
Translocations | |  1.3

Action                   || total
-------------------------++-------
Melee: Dagger            ||     5
       Constrict         ||     1
 Cast: Magic Dart        ||    90
       Call Imp          ||     1
  Use: Scroll            ||     3
Armor: Skin              ||     5
Dodge: Dodged            ||    43

Table legend: (Time is in decaauts)
 A = Elapsed time spent in this place.
 B = Non-inter-level travel time spent in this place.
 C = Inter-level travel time spent in this place.
 D = Time resting spent in this place.
 E = Time spent auto-exploring this place.
 F = Levels seen in this place.
 G = Mean time per level.
                   A        B        C        D        E       F      G
               +--------+--------+--------+--------+--------+-----+--------+
         Total |   2013 |   1985 |     28 |    716 |    910 |   2 | 1006.5 |
       Dungeon |   2013 |   1985 |     28 |    716 |    910 |   2 | 1006.5 |
               +--------+--------+--------+--------+--------+-----+--------+

Top non-repeatable levels by time:
     D:1: 1872 daAuts
     D:2: 140 daAuts
